 Dungeon Crawl Stone Soup version 0.26.0-16-gc1dbca0489 (webtiles) character file.

Game seed: 8231761497244024984

51 teolandon225 the Sneak (level 3, -4/16 HPs)
             Began as a Spriggan Enchanter on Jan 21, 2021.
             Slain by a gnoll
             ... wielding a +0 spear
              (10 damage)
             ... on level 2 of the Dungeon.
             The game lasted 00:02:22 (2335 turns).

teolandon225 the Sneak (Spriggan Enchanter)         Turns: 2335, Time: 00:02:23

Health: -4/16      AC:  2    Str:  4    XL:     3   Next: 57%
Magic:  5/8        EV: 19    Int: 17    God:
Gold:   40         SH:  0    Dex: 16    Spells: 1/7 levels left

rFire    . . .     SeeInvis +   h - +0 dagger (holy)
rCold    . . .     Faith    .   (shield restricted)
rNeg     . . .     Spirit   .   b - +0 robe
rPois    .         Reflect  .   (helmet restricted)
rElec    .         Harm     .   (no cloak)
rCorr    .         Rampage  .   (gloves unavailable)
Will     .....                  (boots unavailable)
Stlth    +++.......             (no amulet)
HPRegen  0.05/turn              (no ring)
MPRegen  0.11/turn              (no ring)

@: very quick
A: very small, unfitting armour, see invisible, speed 3
a: no special abilities


You were on level 2 of the Dungeon.
You visited 1 branch of the dungeon, and saw 2 of its levels.

You collected 40 gold pieces.

Inventory:

Hand Weapons
 a - a +1 dagger
 h - a +0 dagger of holy wrath (weapon)
Armour
 b - a +0 robe (worn)
Scrolls
 c - a scroll of random uselessness {unknown}
 d - a scroll of fear {unknown}
 e - a scroll of blinking {unknown}
 g - a scroll of teleportation {unknown}
 i - a scroll of fog {unknown}
 j - a scroll of identify {unknown}
Potions
 f - a potion of attraction {unknown}


   Skills:
 - Level 1.1 Short Blades
 + Level 3.7 Dodging
 * Level 5.6 Stealth
 - Level 2.6 Spellcasting
 * Level 4.4 Hexes


You had one spell level left.
You knew the following spells:

 Your Spells              Type           Power        Failure   Level
q - Ensorcelled Hibernat  Hex/Ice        18%          11%         2
r - Corona                Hex            18%          3%          1
w - Confusing Touch       Hex            17%          9%          3

Your spell library contained the following spells:

 Spells                   Type           Power        Failure   Level
 Tukima's Dance           Hex            17%          9%          3
 Dazzling Flash           Conj/Hex       18%          22%         3


Dungeon Overview and Level Annotations

Branches:
Dungeon (2/15)

Altars:


Innate Abilities, Weirdness & Mutations

You are very small and have problems with some larger weapons.
You are too small for most types of armour.
You have supernaturally acute eyesight. (SInv)
You cover ground extremely quickly.


Message History

The gnoll shouts! x2
You hit the gnoll.
The gnoll is moderately wounded.
The gnoll hits you but does no damage.
The gnoll hits you from afar with a +0 spear!
The gnoll misses you.
There is an open door, spattered with blood here.
Casting: Ensorcelled Hibernation (safe; 11% risk of failure)
Confirm with . or Enter, or press ? or * to list all spells.
Aiming: Ensorcelled Hibernation (safe; 11% risk of failure)
Press: ? - help, Shift-Dir - straight line, f - gnoll
Aim: a gnoll (chance to affect: 50%)
The gnoll looks drowsy...
The gnoll hits you from afar with a +0 spear.
The helpless gnoll fails to defend itself.
You impale the gnoll!!
You kill the gnoll!
The gnoll hits you from afar with a +0 spear!
Ouch! That really hurt!
You die...

## ######## .#
#......#### .##########
#.......... ..........#
#........§#
..........####.......§#§
......................§§
...............#.##...#§
..................+ ..#
....###........#@##.....
..............>..†.....#
..........#......gg....#
..........+........g..(.
...#......#............$
...# ########...... ...#
#..... ... ..... ...
.....


You could see 3 gnolls.

Vanquished Creatures
  A gnoll (D:2)
  2 adders (D:2)
  2 dart slugs (D:1)
  A giant cockroach (D:2)
  6 goblins
  2 hobgoblins
  4 jackals
  4 bats
  4 frilled lizards
  2 kobolds
  A rat (D:1)
29 creatures vanquished.

Notes
Turn   | Place    | Note
-------+----------+-------------------------------------------
     0 | D:1      | teolandon225 the Spriggan Enchanter began the quest for the
                  | Orb.
     0 | D:1      | Reached XP level 1. HP: 9/9 MP: 5/5
   545 | D:1      | Reached XP level 2. HP: 13/13 MP: 6/6
   549 | D:1      | Learned a level 2 spell: Ensorcelled Hibernation
   660 | D:1      | Reached skill level 5 in Stealth
  1477 | D:2      | Reached XP level 3. HP: 16/16 MP: 8/8
  1491 | D:2      | Learned a level 3 spell: Confusing Touch
  2335 | D:2      | Slain by a gnoll

Illustrated notes

Levels and vault maps discovered:
D:1:      tarquinn_simple_flora_water_c, layout_basic
D:2:      layout_basic, grunt_dithmenos_smoke_and_mirrors, uniq_sigmund

Skill      XL: |  1  2 |
---------------+-------+-----
Hexes          | 4 |  4.4
Stealth        | 5 |  5.6
Short Blades   | |  1.1
Dodging        | |  3.7
Spellcasting   | |  2.6

Action                   || total
-------------------------++-------
Melee: Dagger            ||    67
 Cast: Corona            ||     3
       Ensorcelled Hiber ||    28
 Stab: Sleeping          ||    22
       Distracted        ||     1
Armor: Robe              ||     6
Dodge: Dodged            ||    57
